 Dungeon Crawl Stone Soup version 0.28-a0-1506-g3893175d92 (webtiles) character file.

Game seed: 9045678420917003635

7 knot the Chopper (level 1, -4/27 HPs)
             Began as a Demonspawn Berserker on Jan 14, 2022.
             Was a Follower of Trog.
             Slain by Terence (5 damage)
             ... on level 2 of the Dungeon.
             The game lasted 00:00:17 (544 turns).

knot the Chopper (Demonspawn Berserker)              Turns: 544, Time: 00:00:18

Health: -4/27      AC:  4    Str: 17    XL:     1   Next: 83%
Magic:  1/1        EV: 12    Int:  8    God:    Trog [*.....]
Gold:   26         SH:  0    Dex: 12    Spells: 0/0 levels left

rFire   . . .      SeeInvis .   a - +0 hand axe
rCold   . . .      Faith    .   (no shield)
rNeg    . . .      Spirit   .   b - +0 animal skin
rPois   .          Reflect  .   (no helmet)
rElec   .          Harm     .   (no cloak)
rCorr   .          Rampage  .   g - +1 pair of gloves
Will    .....                   (no boots)
Stlth   ..........              (no amulet)
HPRegen 0.09/turn               (no ring)
MPRegen 0.07/turn               (no ring)

@: berserking, very quick
A: no striking features
a: Renounce Religion, Berserk


You were on level 2 of the Dungeon.
You worshipped Trog.
Trog was aware of your devotion.
You visited 1 branch of the dungeon, and saw 2 of its levels.

You collected 26 gold pieces.

Inventory:

Hand Weapons
 a - a +0 hand axe (weapon)
Missiles
 d - 20 sling bullets
Armour
 b - a +0 animal skin (worn)
 g - a +1 pair of gloves (worn)
Scrolls
 c - 2 scrolls of identify {unknown}
 e - 2 scrolls of teleportation {unknown}
 f - a scroll of enchant armour {unknown}
 h - a scroll of torment {unknown}


   Skills:
 - Level 3.0 Fighting
 + Level 3.1 Axes
 - Level 1.7 Armour
 - Level 1.7 Dodging


You couldn't memorise any spells.
You didn't know any spells.
Your spell library was empty.

Dungeon Overview and Level Annotations

Branches:
Dungeon (2/15)

Altars:

Annotations:
D:2 Terence


Message History

A goblin comes into view. It is wielding a +0 club.
The ball python closely misses you. x2
You closely miss the ball python. You punch the ball python.
The ball python is severely wounded.
You closely miss Terence.
The ball python bites you but does no damage.
The ball python grabs you. The ball python constricts you.
Terence hits you with a +0 flail of holy wrath.
You convulse.
A red film seems to cover your vision as you go berserk!
You feel yourself moving faster!
You feel mighty! The ball python barely misses you.
The ball python constricts you.
Terence hits you with a +0 flail of holy wrath.
You convulse.
* * * LOW HITPOINT WARNING * * *
You are too injured to fight recklessly!
You are too injured to fight recklessly!
You are too injured to fight recklessly!
You are too injured to fight recklessly!
You hit Terence but do no damage. You slash the ball python!
You kill the ball python!
Trog accepts your kill. Terence barely misses you.
You slash Terence!
Terence is heavily wounded.
You hit the rat.
You kill the rat!
Trog accepts your kill.
Terence hits you with a +0 flail of holy wrath.
* * * LOW HITPOINT WARNING * * *
You convulse.
* * * LOW HITPOINT WARNING * * *
You barely miss Terence.
Terence is heavily wounded.
You hit Terence.
Terence is almost dead.
Terence hits you with a +0 flail of holy wrath.
* * * LOW HITPOINT WARNING * * *
You convulse.
You die...

.......#
.......
......
#....#
##....#
#...g.#
#...@†#
#.###@#
#.###.#.#.#
.........###
####.......+
#....####
#.#.## #..<#
###.# #.#


You could see Terence and a goblin.

Vanquished Creatures
  A dart slug (D:1)
  A hobgoblin (D:1)
  A ball python (D:2)
  3 rats
6 creatures vanquished.

Notes
Turn   | Place    | Note
-------+----------+-------------------------------------------
     0 | D:1      | knot the Demonspawn Berserker began the quest for the Orb.
     0 | D:1      | Reached XP level 1. HP: 18/18 MP: 1/1
   536 | D:2      | Noticed Terence
   544 | D:2      | HP: 1/27 [Terence (6)]
   544 | D:2      | Slain by Terence

Illustrated notes

Levels and vault maps discovered:
D:1:      dpeg_chamrin_arrival_tetris, layout_basic
D:2:      layout_loops_corners, uniq_terence, uniq_natasha

Skill      XL: |  1 |
---------------+----+-----
Axes           | 3 |  3.1
Fighting       | |  3.0
Armour         | |  1.7
Dodging        | |  1.7

Action                   || total
-------------------------++-------
Melee: Hand axe          ||    14
       Punch             ||     1
Invok: Berserk           ||     1
Armor: Animal skin       ||     2
Dodge: Dodged            ||     9

Table legend: (Time is in decaauts)
 A = Elapsed time spent in this place.
 B = Non-inter-level travel time spent in this place.
 C = Inter-level travel time spent in this place.
 D = Time resting spent in this place.
 E = Time spent auto-exploring this place.
 F = Levels seen in this place.
 G = Mean time per level.
                   A        B        C        D        E       F      G
               +--------+--------+--------+--------+--------+-----+--------+
         Total |    544 |    537 |      7 |      0 |    482 |   2 |  272.0 |
       Dungeon |    544 |    537 |      7 |      0 |    482 |   2 |  272.0 |
               +--------+--------+--------+--------+--------+-----+--------+

Top non-repeatable levels by time:
     D:1: 531 daAuts
     D:2: 13 daAuts
